 Dungeon Crawl Stone Soup version 0.23.0 (webtiles) character file.

Game seed: 4459466351272080139

8916 mitkoXXVII the Fighter (level 11, -1/90 HPs)
             Began as a Formicid Abyssal Knight on Feb 11, 2019.
             Was a High Priest of Lugonu.
             Succumbed to a queen ant's poison
             ... while paralysed
             ... on level 9 of the Dungeon on Feb 15, 2019.
             The game lasted 00:45:54 (12417 turns).

mitkoXXVII the Fighter (Formicid Abyssal Knight)   Turns: 12417, Time: 00:45:54

Health: -1/90      AC: 16    Str: 20    XL:     11   Next: 64%
Magic:  15/15      EV:  2    Int: 12    God:    Lugonu [*****.]
Gold:   506        SH:  0    Dex: 10    Spells: 7/10 levels left

rFire    . . .     SeeInvis +   I - +1 battleaxe (chop)
rCold    . . .     Gourm    .   G - +0 shield
rNeg     + . .     Faith    .   p - -1 plate armour
rPois    .         Spirit   .   (helmet unavailable)
rElec    .         Reflect  .   s - +0 cloak
rCorr    .         Harm     .   q - +0 pair of gloves
MR       +....                  (no boots)
Stlth    ..........             (no amulet)
HPRegen  0.25/turn              r - ring of positive energy
MPRegen  0.14/turn              E - ring of wizardry

@: paralysed, lethally poisoned (-1 -> -45), fainting
A: permanent stasis, dig shafts and tunnels, four strong arms, antennae 3
a: Dig, Shaft Self, Depart the Abyss, Bend Space, Banish, Corrupt, Enter the
Abyss, Renounce Religion


You were on level 9 of the Dungeon.
You worshipped Lugonu.
Lugonu was extremely pleased with you.
You were fainting.

You visited 1 branch of the dungeon, and saw 9 of its levels.
You visited the Abyss 1 time.

You collected 506 gold pieces.

Inventory:

Hand Weapons
 m - a +0 long sword of distortion
 t - a +2 flail of venom
 w - a +0 vampiric glaive
 I - a +1 battleaxe of chopping (weapon)
Missiles
 e - 192 stones
 i - 16 sling bullets
 n - 4 javelins of returning (quivered)
 o - 39 poisoned needles
 u - 4 tomahawks
 D - 19 bolts
Armour
 p - a -1 plate armour (worn)
 q - a +0 pair of gloves (worn)
 s - a +0 cloak (worn)
 G - a +0 shield (worn)
Jewellery
 r - a ring of positive energy (left hand)
 E - a ring of wizardry (right hand)
Wands
 a - a wand of acid (11)
 A - a wand of flame (33)
 J - a wand of iceblast (21)
 K - a wand of scattershot (5)
Scrolls
 d - 4 scrolls of amnesia
 l - 5 scrolls of remove curse
 y - a scroll of enchant weapon
 C - 3 scrolls of magic mapping
Potions
 b - 3 potions of brilliance
 f - a potion of heal wounds
 g - a potion of ambrosia
 h - a potion of agility {unknown}
 j - a potion of flight
 k - 5 potions of curing
 v - 3 potions of lignification
 x - a potion of resistance {unknown}
 z - a potion of mutation {unknown}
 B - a potion of invisibility {unknown}
 F - 2 potions of magic {unknown}
Comestibles
 c - 13 rations


   Skills:
 + Level 9.7 Fighting
 + Level 8.6 Axes
 + Level 9.4 Armour
 - Level 0.8 Dodging
 - Level 9.0 Shields
 - Level 5.4 Poison Magic
 - Level 6.0 Invocations


You had 7 spell levels left.
You knew the following spells:

 Your Spells              Type           Power        Failure   Level  Hunger
a - Mephitic Cloud        Conj/Pois/Air  #.......     96%         3    ####...

Your spell library contained the following spells:

 Spells                   Type           Power        Failure   Level  Hunger
 Sting                    Conj/Pois      #...         58%         1    ##.....
 Poisonous Vapours        Pois/Air       #.....       71%         2    ###....
 Olgreb's Toxic Radiance  Pois           ##......     92%         4    #####..
 Venom Bolt               Conj/Pois      #.........   100%        5    ######.


Dungeon Overview and Level Annotations

Branches:
Dungeon (9/15)             Temple (0/1) D:6            Lair (0/6) D:9
    Orc (0/2) D:9

Altars:
Okawaru


Innate Abilities, Weirdness & Mutations

You cannot be hasted, slowed, berserked, paralysed or teleported.
You can dig through walls and to a lower floor.
Your four strong arms can wield two-handed weapons with a shield.
You have a pair of large antennae on your head. (SInv)


Message History

You feel extremely sick.
You feel very sick.
* * * LOW HITPOINT WARNING * * *
You feel very sick.
You lose consciousness!
* * * LOW HITPOINT WARNING * * *
You feel very sick.
* * * LOW HITPOINT WARNING * * *
You feel very sick. The queen ant stings you.
* * * LOW HITPOINT WARNING * * *
* * * LOW HITPOINT WARNING * * *
You feel very sick.
The queen ant stings you but does no damage.
* * * LOW HITPOINT WARNING * * *
You feel very sick.
The worker ant bites you but does no damage. x2
The queen ant stings you but does no damage.
The worker ant bites you but does no damage.
You die...

#....###......................#
#....# #.........#######.####.#
#....# #.........# #..#....#
#..>.# #.........### ##.####.#
#....# #.........##.##.#.#
#....# #.........##.#..##.#
#....# #.........###.### ##
[....# #........aa..#.#
.....###........@a..##.#
.................a..#


aa# ...........####.....# a... ###.###....# #......##.#.. #.# #....# #.....##
...... #<# #....# #.....# #..... #.# #....# #......# #. #. #........# #.....#.
#........# You could see a queen ant and 3 worker ants.

Vanquished Creatures
  A two-headed ogre (D:9)
  Pikel (D:8)
  Maurice (D:8)
  A troll (D:8)
  Prince Ribbit (D:8)
  A hippogriff (D:8)
  A wraith (D:9)
  4 hogs
  Eustachio (D:7)
  A human (D:7)
  A wyvern (D:7)
  2 hungry ghosts
  8 soldier ants (D:9)
  Duvessa (D:7)
  An eye of draining (D:9)
  2 orc warriors
  An ice beast (D:6)
  A sky beast (D:9)
  6 ogres
  2 wolves (D:9)
  A phantom (D:8)
  A centaur (D:6)
  Blork the orc (D:7)
  6 bullfrogs
  2 gnoll sergeants
  Dowan (D:7)
  4 scorpions
  An electric eel (D:9)
  2 wights (D:6)
  3 crimson imps
  9 hounds
  A quasit (D:6)
  A centaur skeleton (D:8)
  Crazy Yiuf (D:6)
  7 orc priests
  2 iguanas
  11 orc wizards
  15 worker ants
  2 hound skeletons
  A worker ant zombie (D:6)
  14 adders
  3 gnolls (D:8)
  A shadow imp (D:9)
  2 oozes (D:3)
  2 worms
  4 dart slugs
  7 leopard geckos
  25 orcs
  A ball python (D:2)
  11 bats
  4 giant cockroaches
  6 goblins
  2 hobgoblins (D:3)
  8 jackals
  6 kobolds
  2 quokkas
  5 frilled lizards
  A jackal skeleton (D:5)
  A quokka skeleton (D:7)
  10 rats
225 creatures vanquished.

Vanquished Creatures (others)
  A two-headed ogre (D:8)
  An orc warrior (D:6)
  3 slaves (D:8)
  A bullfrog (D:8)
  An iguana (D:8)
  A gnoll (D:8)
8 creatures vanquished.

Grand Total: 233 creatures vanquished

Notes
Turn   | Place    | Note
-------+----------+-------------------------------------------
     0 | Abyss:1  | mitkoXXVII the Formicid Abyssal Knight began the quest for
                  | the Orb.
     0 | Abyss:1  | Reached XP level 1. HP: 18/18 MP: 2/2
   171 | Abyss:1  | Noticed a fire bat
   217 | Abyss:1  | Noticed a spatial vortex
   221 | Abyss:1  | Found a corrupted altar of Lugonu.
   225 | Abyss:1  | Noticed a spatial vortex
   295 | D:1      | Escaped the Abyss
   479 | D:1      | Reached XP level 2. HP: 23/24 MP: 3/3
  1000 | D:2      | Reached XP level 3. HP: 21/29 MP: 3/5
  1303 | D:2      | Reached ** piety under Lugonu
  1351 | D:2      | Reached skill level 1 in Shields
  1351 | D:2      | Reached XP level 4. HP: 29/37 MP: 6/6
  1904 | D:2      | Reached XP level 5. HP: 8/42 MP: 7/7
  2778 | D:3      | Reached XP level 6. HP: 47/48 MP: 8/8
  3466 | D:4      | Noticed an ogre
  3504 | D:4      | Killed an ogre
  3704 | D:4      | Noticed an ogre
  3720 | D:4      | Killed an ogre
  3720 | D:4      | Reached XP level 7. HP: 55/55 MP: 10/10
  3763 | D:4      | Reached skill level 5 in Fighting
  3799 | D:4      | Reached *** piety under Lugonu
  3973 | D:5      | Entered Level 5 of the Dungeon
  4121 | D:5      | You fall through a shaft for 2 floors!
  4191 | D:7      | Reached skill level 5 in Invocations
  4198 | D:7      | Reached XP level 8. HP: 42/63 MP: 11/11
  4546 | D:6      | Found a staircase to the Ecumenical Temple.
  4567 | D:6      | Reached skill level 5 in Armour
  5381 | D:6      | Found an iron altar of Okawaru.
  5552 | D:5      | Reached skill level 5 in Axes
  5790 | D:6      | Learned a level 3 spell: Mephitic Cloud
  5921 | D:6      | Found a runed translucent door.
  5922 | D:6      | Noticed Crazy Yiuf
  5935 | D:6      | Killed Crazy Yiuf
  6081 | D:6      | Reached skill level 1 in Poison Magic
  6313 | D:6      | Reached XP level 9. HP: 69/71 MP: 13/13
  6370 | D:7      | Noticed Eustachio
  6554 | D:7      | Noticed Blork the orc
  6939 | D:7      | Killed Eustachio
  6999 | D:7      | Killed Blork the orc
  7471 | D:7      | Noticed Dowan
  7472 | D:7      | Noticed Duvessa
  7580 | D:7      | Killed Duvessa
  7586 | D:7      | Killed Dowan
  8010 | D:6      | Reached skill level 5 in Shields
  8470 | D:7      | Reached XP level 10. HP: 72/79 MP: 14/14
  8672 | D:8      | Reached **** piety under Lugonu
  8682 | D:8      | Noticed Pikel
  8908 | D:8      | Killed Pikel
  8908 | D:8      | Reached skill level 5 in Poison Magic
  9054 | D:8      | Noticed a two-headed ogre
  9115 | D:8      | Noticed Maurice
  9220 | D:8      | Killed Maurice
  9882 | D:8      | Banished a two-headed ogre
  9882 | D:8      | Reached XP level 11. HP: 33/87 MP: 15/15
 10147 | D:9      | Noticed a two-headed ogre
 10351 | D:8      | Noticed Prince Ribbit
 10359 | D:8      | Killed Prince Ribbit
 11035 | D:9      | Killed a two-headed ogre
 11308 | D:9      | Found a staircase to the Orcish Mines.
 11628 | D:9      | Found a staircase to the Lair.
 11755 | D:9      | Reached ***** piety under Lugonu
 12345 | D:9      | Paralysed by fainting for 12 turns
 12360 | D:9      | Paralysed by fainting for 12 turns
 12393 | D:9      | Noticed a queen ant
 12396 | D:9      | Paralysed by fainting for 10 turns
 12413 | D:9      | Paralysed by fainting for 5 turns
 12416 | D:9      | HP: 2/90 [poisoned by a queen ant]
 12417 | D:9      | Succumbed to a queen ant's poison

Skill      XL: |  1  2  3  4  5  6  7  8  9 10 11 |
---------------+----------------------------------+-----
Shields        | 1 2 5 8 9 |  9.0
Invocations    | 3 4 5 6 |  6.0
Armour         | 3 4 5 6 8 9 |  9.4
Fighting       | 4 5 6 7 8 9 |  9.7
Axes           | 3 4 5 6 7 8 |  8.6
Poison Magic   | 1 4 5 |  5.4
Dodging        | |  0.8

Action                   |  1- 3 |  4- 6 |  7- 9 | 10-12 || total
-------------------------+-------+-------+-------+-------++-------
Melee: Hand axe          |    23 |       |       |       ||    23
       Dagger            |    61 |   170 |   345 |       ||   576
       Battleaxe         |       |       |    99 |   315 ||   414
       War axe           |       |       |     2 |       ||     2
       Glaive            |       |       |     1 |       ||     1
       Flail             |       |       |       |    18 ||    18
Throw: Tomahawk          |     2 |     2 |       |     3 ||     7
       Javelin           |       |     3 |     3 |     8 ||    14
       Stone             |       |       |       |     1 ||     1
Invok: Banish            |       |       |     1 |     1 ||     2
 Abil: Dig               |       |       |     4 |       ||     4
Evoke: Wand              |       |       |       |     1 ||     1
  Use: Potion            |       |     1 |       |     3 ||     4
       Scroll            |       |    10 |     8 |     3 ||    21
 Stab: Distracted        |       |       |       |     1 ||     1
  Eat: Chunk             |     1 |     8 |    13 |    11 ||    33
       Ration            |       |       |     1 |     1 ||     2
Armor: Scale mail        |    38 |    49 |       |       ||    87
       Leather armour    |     7 |       |       |       ||     7
       Plate armour      |       |    49 |   256 |   259 ||   564
Dodge: Dodged            |    49 |    90 |   128 |   121 ||   388
Block: Buckler           |     5 |    31 |    55 |       ||    91
       Shield            |       |       |    63 |   269 ||   332
